 Dungeon Crawl Stone Soup version 0.25.1-3-ge44b62a0b3 (webtiles) character file.

Game seed: 18072922653083821011

21527 BledDest the Unseen (level 12, -4/64 HPs)
             Began as a Spriggan Assassin on Nov 21, 2020.
             Was an Initiate of Gozag.
             Killed by divine providence
             ... invoked by a meliai
              (9 damage)
             ... on level 10 of the Dungeon.
             The game lasted 00:38:45 (16939 turns).

BledDest the Unseen (Spriggan Assassin)            Turns: 16939, Time: 00:38:46

Health: -4/64      AC:  6    Str: 10    XL:     12   Next: 55%
Magic:  22/22      EV: 27    Int: 13    God:    Gozag
Gold:   1239       SH:  0    Dex: 25    Spells: 18/21 levels left

rFire    + + .     SeeInvis +   b - +2 dagger (venom)
rCold    + . .     Gourm    .   (shield restricted)
rNeg     + . .     Faith    .   C - +0 acid dragon scales
rPois    .         Spirit   .   (helmet restricted)
rElec    .         Reflect  .   k - scarf {rC+ rF+}
rCorr    +         Harm     .   (gloves unavailable)
MR       ++...                  (boots unavailable)
Stlth    +++++++...             (no amulet)
HPRegen  0.20/turn              s - ring of protection from fire
MPRegen  0.18/turn              u - ring of positive energy

@: gold aura, very quick
A: very small, unfitting armour, claws 1, thin skeletal structure 2, see
invisible, herbivore, speed 3, slow metabolism 2, strong 1
a: Potion Petition, Call Merchant, Bribe Branch, Renounce Religion


You were on level 10 of the Dungeon.
You worshipped Gozag.
Gozag was most pleased with you.
You were not hungry.

You visited 2 branches of the dungeon, and saw 11 of its levels.
You also visited: Bailey.

You collected 1433 gold pieces.
You paid 194 gold pieces to Gozag.

Inventory:

Hand Weapons
 a - a +2 rapier of electrocution
 b - a +2 dagger of venom (weapon)
 q - a +0 dagger of protection
 J - a +1 scimitar of flaming
Missiles
 e - 12 poisoned darts (quivered)
 g - 9 boomerangs
 p - 2 datura-tipped darts
 K - a curare-tipped dart
Armour
 h - a +0 robe
 k - a scarf of resistance (worn)
 n - a scarf of repulsion
 C - +0 acid dragon scales (worn)
 I - a +0 buckler
Jewellery
 s - a ring of protection from fire (left claw)
 u - a ring of positive energy (right claw)
 x - an uncursed ring of fire
 E - an uncursed ring of ice
Wands
 i - a wand of enslavement (9)
 o - a wand of clouds (4)
 r - a wand of polymorph (7)
 M - a wand of digging (5)
Scrolls
 c - 4 scrolls of remove curse
 j - 4 scrolls of teleportation
 w - 6 scrolls of blinking
 y - a scroll of amnesia
 z - a scroll of magic mapping
 A - a scroll of enchant weapon
 B - 5 scrolls of identify
 D - a scroll of enchant armour {unknown}
 G - 3 scrolls of noise
 H - a scroll of random uselessness {unknown}
 P - a scroll of acquirement {unknown}
Potions
 d - a potion of brilliance
 l - a potion of magic {unknown}
 m - 2 potions of flight
 t - 2 potions of degeneration
 v - a potion of stabbing
 F - a potion of mutation
 L - a potion of lignification
 N - 2 potions of heal wounds
 O - a potion of curing
Comestibles
 f - 10 rations


   Skills:
 + Level 8.0 Fighting
 - Level 10.0 Short Blades
 - Level 2.0 Throwing
 - Level 10.0 Dodging
 - Level 15.0 Stealth
 + Level 5.3 Spellcasting
 + Level 4.4 Poison Magic
 - Level 12.0 Evocations


You had 18 spell levels left.
You knew the following spells:

 Your Spells              Type           Power        Failure   Level  Hunger
a - Mephitic Cloud        Conj/Pois/Air  #.......     43%         3    ###....

Your spell library contained the following spells:

 Spells                   Type           Power        Failure   Level  Hunger
 Sting                    Tmut/Pois      #...         12%         1    None
 Poisonous Vapours        Pois/Air       #.....       19%         2    ##.....
 Animate Skeleton         Necr           N/A          28%         1    None
 Apportation              Tloc           #.....       28%         1    None
 Corona                   Hex            #......      28%         1    None
 Summon Small Mammal      Summ           #...         28%         1    None
 Passwall                 Tmut/Erth      #.......     41%         2    ##.....
 Swiftness                Chrm/Air       #.......     41%         2    ##.....
 Ignite Poison            Fire/Tmut/Pois #.......     43%         3    ###....
 Olgreb's Toxic Radiance  Pois           ###.....     43%         4    ####...
 Passage of Golubria      Tloc           N/A          96%         4    ####...
 Lee's Rapid Deconstruct  Erth           #.........   100%        5    ######.
 Darkness                 Hex            #.........   100%        6    #######
 Invisibility             Hex            #.......     100%        6    #######


Dungeon Overview and Level Annotations

Branches:
Dungeon (10/15)            Temple (1/1) D:7            Lair (0/6) D:8
 Bailey (visited)
    Orc: D:9-12

Altars:
Ashenzari
Cheibriados
Dithmenos
Elyvilon
Fedhas
Gozag
Hepliaklqana
Kikubaaqudgha
Makhleb
Nemelex Xobeh
Okawaru
Qazlal
Ru
Sif Muna
Trog
Uskayaw
Vehumet
Wu Jian
Xom
Yredelemnul
Zin
The Shining One

Shops:
D:8 (   D:9 *


Innate Abilities, Weirdness & Mutations

You are very small and have problems with some larger weapons.
You are too small for most types of armour.
You have supernaturally acute eyesight. (SInv)
You are a herbivore.
You cover ground extremely quickly.
You need to consume almost no food.
You have sharp fingernails.
You have a moderately thin skeletal structure. (Dex +4, Stealth+)
Your muscles are strong. (Str +2)


Message History

You are too injured to fight recklessly!
You are too injured to fight recklessly!
You hit the meliai but do no damage.
The meliai looks as sick as possible!
The meliai hits you with a +0 hand axe.
* * * LOW HITPOINT WARNING * * *
The meliai completely misses you.
You hit the meliai.
The meliai looks as sick as possible!
The meliai is moderately wounded.
You hit the meliai.
The meliai looks as sick as possible!
The meliai is moderately wounded.
The meliai closely misses you. The meliai completely misses you.
You hit the meliai but do no damage.
The meliai looks as sick as possible!
The meliai is severely wounded.
The meliai hits you with a +0 hand axe!
* * * LOW HITPOINT WARNING * * *
The meliai completely misses you.
The meliai mumbles some strange prayers to its god against you.
Something smites you!
You die...
Your body crumbles into a pile of gold.

# ####+##### .#
.........# ###.#####
.........# ####?......#
.........####$$@.y.....#
.....(>..'$$$$##........
.......<.#######.......#
######+### ####.#### ..#
... #.# .#


You could see a meliai (extremely poisoned).

Vanquished Creatures
  An orc warlord (Bailey)
  Erolcha (D:9)
  A two-headed ogre (D:8)
  A skeletal warrior (D:8)
  An orc knight (Bailey)
  A komodo dragon (D:8)
  An efreet (D:8)
  2 meliai (D:10)
  Grinder (D:3)
  A hornet (D:8)
  A hippogriff (D:9)
  A slime creature (D:8)
  Sigmund (D:3)
  7 yaks
  Eustachio (D:6)
  3 wyverns (D:8)
  Edmund (D:5)
  An acid dragon (D:8)
  A water moccasin (D:6)
  2 phantoms
  20 orc warriors
  4 sky beasts
  4 centaurs
  3 ogres
  3 crocodiles
  3 big kobolds
  4 bullfrogs
  A scorpion (D:4)
  6 killer bees (D:8)
  6 wights (D:8)
  3 howler monkeys
  A bullfrog zombie (D:6)
  3 crimson imps
  A quasit (D:6)
  8 orc priests
  Crazy Yiuf (D:2)
  2 bullfrog skeletons (D:5)
  3 hounds
  4 jellies
  Ijyb (D:3)
  8 orc wizards
  3 worker ants
  3 hound skeletons
  Robin (D:2)
  11 adders
  14 gnolls
  An ooze (D:4)
  2 adder zombies
  An adder skeleton (D:8)
  3 worms
  2 dart slugs
  4 leopard geckos
  45 orcs
  6 giant cockroaches
  26 goblins
  27 hobgoblins
  8 jackals
  8 quokkas
  3 ball pythons (D:1)
  7 bats
  4 frilled lizards
  2 jackal skeletons
  A jackal zombie (D:9)
  21 kobolds
  2 leopard gecko skeletons (D:4)
  A leopard gecko zombie (D:5)
  A quokka skeleton (D:4)
  7 rats
333 creatures vanquished.

Notes
Turn   | Place    | Note
-------+----------+-------------------------------------------
     0 | D:1      | BledDest the Spriggan Assassin began the quest for the Orb.
     0 | D:1      | Reached XP level 1. HP: 10/10 MP: 2/2
    31 | D:1      | Reached skill level 6 in Stealth
   169 | D:1      | Reached XP level 2. HP: 7/14 MP: 3/3
   488 | D:1      | Reached skill level 7 in Stealth
   489 | D:1      | Reached skill level 14 in Stealth
   489 | D:1      | Reached XP level 3. HP: 7/18 MP: 4/4
  1220 | D:2      | Reached XP level 4. HP: 16/22 MP: 5/5
  1429 | D:2      | Reached skill level 15 in Stealth
  1884 | D:2      | Noticed Robin
  2134 | D:2      | Killed Robin
  2413 | D:2      | Found a runed translucent door.
  2414 | D:2      | Noticed Crazy Yiuf
  2647 | D:2      | Killed Crazy Yiuf
  2647 | D:2      | Reached XP level 5. HP: 26/26 MP: 6/6
  2781 | D:3      | Noticed Ijyb
  2788 | D:3      | Killed Ijyb
  2886 | D:3      | Noticed Grinder
  2920 | D:3      | Paralysed by Grinder for 7 turns
  3091 | D:4      | Noticed a phantom
  3094 | D:4      | Killed a phantom
  3094 | D:4      | Reached XP level 6. HP: 30/30 MP: 7/7
  3658 | D:4      | Found a white marble altar of Elyvilon.
  3856 | D:4      | Reached XP level 7. HP: 31/35 MP: 8/8
  3899 | D:4      | Found a shimmering blue altar of Sif Muna.
  3933 | D:4      | Found a shadowy altar of Dithmenos.
  3959 | D:4      | Gained mutation: You have a somewhat thin skeletal
                  | structure. (Dex +2, Stealth) [potion of mutation]
  3959 | D:4      | Gained mutation: You have a moderately thin skeletal
                  | structure. (Dex +4, Stealth+) [potion of mutation]
  3959 | D:4      | Gained mutation: You have sharp fingernails. [potion of
                  | mutation]
  3959 | D:4      | Gained mutation: Your muscles are strong. (Str +2) [potion
                  | of mutation]
  4731 | D:3      | Noticed Sigmund
  4789 | D:3      | Killed Sigmund
  4789 | D:3      | Reached skill level 5 in Dodging
  5143 | D:5      | Entered Level 5 of the Dungeon
  5336 | D:5      | Reached XP level 8. HP: 36/41 MP: 9/9
  5468 | D:5      | Reached skill level 5 in Short Blades
  5964 | D:5      | Noticed Edmund
  5970 | D:5      | Killed Edmund
  6269 | D:3      | Killed Grinder
  6646 | D:6      | Learned a level 3 spell: Mephitic Cloud
  6797 | D:6      | Found a shimmering blue altar of Sif Muna.
  6942 | D:6      | Noticed Eustachio
  6964 | D:6      | Killed Eustachio
  7224 | D:6      | Reached XP level 9. HP: 46/46 MP: 10/10
  7810 | D:7      | Reached skill level 5 in Fighting
  7889 | D:7      | Found a staircase to the Ecumenical Temple.
  7897 | Temple   | Entered the Ecumenical Temple
  9462 | D:8      | Found Jucodd's Weapon Shop.
 10660 | D:8      | Found a sparkling altar of Nemelex Xobeh.
 10691 | D:8      | Noticed a two-headed ogre
 10967 | D:8      | Killed a two-headed ogre
 10967 | D:8      | Reached skill level 10 in Dodging
 10967 | D:8      | Reached XP level 10. HP: 42/53 MP: 11/11
 11125 | D:8      | Paralysed by a hornet for 2 turns
 11293 | D:8      | Noticed a skeletal warrior
 11309 | D:8      | Killed a skeletal warrior
 12196 | D:8      | HP: 2/55 [centaur/arrow (17)]
 13002 | D:8      | Found a staircase to the Lair.
 13184 | D:9      | Found an opulent altar of Gozag.
 13188 | D:9      | Found Gozag's Platinum Reserve.
 13192 | D:9      | Became a worshipper of Gozag Ym Sagoz the Greedy
 13326 | D:9      | Reached skill level 1 in Spellcasting
 13355 | D:9      | Reached skill level 1 in Poison Magic
 13402 | D:9      | Noticed Erolcha
 13487 | D:9      | Found a flagged portal.
 13496 | Bailey   | Entered a bailey
 13749 | Bailey   | Reached XP level 11. HP: 46/58 MP: 13/15
 14524 | Bailey   | Noticed an orc warlord
 14525 | Bailey   | Noticed an orc knight
 14643 | Bailey   | Killed an orc knight
 14670 | Bailey   | Reached skill level 1 in Evocations
 15052 | Bailey   | Reached XP level 12. HP: 27/63 MP: 18/21
 15078 | Bailey   | Killed an orc warlord
 15572 | D:9      | Found a hazy altar of Hepliaklqana.
 15696 | D:9      | Killed Erolcha
 15696 | D:9      | Reached skill level 10 in Short Blades
 15886 | D:9      | Reached skill level 5 in Spellcasting
 16895 | D:10     | Entered Level 10 of the Dungeon
 16939 | D:10     | Killed from afar by a meliai

Illustrated notes

Levels and vault maps discovered:
D:1:      dpeg_arrival_lava_temple_mockup, layout_rooms
D:2:      layout_loops_ring, uniq_robin, uniq_crazy_yiuf_cottage
D:3:      layout_basic, uniq_ijyb, uniq_grinder, uniq_sigmund
D:4:      layout_loops_ring, lemuel_doored_altar, grunt_dithmenos_shadows,
          grunt_ministairs_5, tgw_sif
D:5:      layout_basic, first_ration, minmay_misc_feat_ornament,
          minmay_misc_feat_pillars, grunt_ministairs_2, minivault_14,
          uniq_edmund
D:6:      layout_gridville, nicolae_overflow_crystal_walls, uniq_eustachio
D:7:      layout_basic, minmay_temple_entry_waves
D:8:      hangedman_cross_veins, layout_loops_ring,
          nemelex_xobeh_ov_fountains_minmay, erik_lair_dragon, serial_shops,
          shop
D:9:      layout_irregular_city, marbit_many_paths,
          nicolae_gozag_zags_fifth_avenue, enter_bailey_1, uniq_erolcha
D:10:     layout_roguey, david_orc_5
Temple:   regret_index_temple_sphere_string

Skill      XL: |  1  2  3  4  5  6  7  8  9 10 11 12 |
---------------+-------------------------------------+-----
Stealth        | 6 14 15 | 15.0
Dodging        | 2 3 4 5 7 10 | 10.0
Fighting       | 2 3 4 6 7 8 |  8.0
Short Blades   | 3 4 6 8 9 10 | 10.0
Spellcasting   | 2 4 5 |  5.3
Poison Magic   | 1 3 4 |  4.4
Evocations     | 11 12 | 12.0
Throwing       | |  2.0

Action                   |  1- 3 |  4- 6 |  7- 9 | 10-12 || total
-------------------------+-------+-------+-------+-------++-------
Melee: Dagger            |    83 |   163 |   492 |   623 ||  1361
       Rapier            |       |       |    15 |    54 ||    69
Throw: Dart              |     2 |    32 |    43 |    10 ||    87
       Boomerang         |       |     8 |    38 |       ||    46
Evoke: Wand              |       |       |     2 |    13 ||    15
  Use: Potion            |     2 |     1 |     3 |     5 ||    11
       Scroll            |       |     2 |     6 |     5 ||    13
 Stab: Sleeping          |     6 |    18 |    34 |    24 ||    82
       Distracted        |       |     1 |     3 |     9 ||    13
       Confused          |       |       |       |     1 ||     1
  Eat: Ration            |       |     1 |     3 |     4 ||     8
Armor: Robe              |    12 |    10 |    10 |     2 ||    34
       Skin              |       |       |    10 |     2 ||    12
       Acid dragon scale |       |       |       |    20 ||    20
Dodge: Dodged            |    64 |    98 |   338 |   413 ||   913
